 Dungeon Crawl Stone Soup version 0.31-a0-240-gb923e448b6 (webtiles) character file.

Game seed: 1259839103994643198

123 qw the Shooter (level 4, -7/36 HPs)
             Began as a Minotaur Hexslinger on July 11, 2023.
             Mangled by Edmund
             ... wielding a +4 flail of protection
              (10 damage)
             ... on level 3 of the Dungeon.
             The game lasted 00:00:44 (1625 turns).

qw the Shooter (Minotaur Hexslinger)                Turns: 1625, Time: 00:00:44

Health: -7/36      AC:  5    Str: 15    XL:     4   Next: 80%
Magic:  4/4        EV: 11    Int: 10    God:
Gold:   50         SH:  0    Dex: 15    Spells: 4/5 levels left

rFire   . . .        d - +9 sling "Nijed" {flame, rPois Str+3}
rCold   . . .        (no shield)
rNeg    . . .        b - +0 ring mail
rPois   +            (helmet restricted)
rElec   .            (no cloak)
rCorr   .            (no gloves)
SInv    .            (no boots)
Will    .....        (no amulet)
Stlth   +            (no ring)
HPRegen 0.26/turn    (no ring)
MPRegen 0.09/turn

%: no passive effects
@: about to teleport
A: horns 2, retaliatory headbutt
a: no special abilities


You were on level 3 of the Dungeon.
You visited 1 branch of the dungeon, and saw 4 of its levels.

You collected 110 gold pieces.
You spent 60 gold pieces at shops.


Innate Abilities, Weirdness & Mutations

You have a pair of horns on your head.
You reflexively headbutt those who attack you in melee.


   Skills:
 - Level 2.0 Fighting
 + Level 4.9 Ranged Weapons
 - Level 2.0 Armour
 - Level 2.1 Dodging
 - Level 1.0 Spellcasting
 - Level 2.0 Hexes


You had 4 spell levels left.
You knew the following spells:

 Your Spells              Type           Power      Damage    Failure   Level
a - Slow                  Hex            16%        N/A       28%         1

Your spell library contained the following spells:

 Spells                   Type           Power      Damage    Failure   Level
 Inner Flame              Hex/Fire       2%         N/A       78%         3
 Portal Projectile        Hex/Tloc       4%         N/A       78%         3
 Cause Fear               Hex            2%         N/A       96%         4

Inventory:

Hand Weapons
 d - the +9 sling "Nijed" (weapon) {flame, rPois Str+3}
   (You found it on level 2 of the Dungeon)

   Str:       It affects your strength (+3).
   rPois:     It protects you from poison.
Armour
 b - a +0 ring mail (worn)
Scrolls
 c - a scroll of identify
Potions
 e - 2 potions of curing
 i - a potion of brilliance {unknown}

Dungeon Overview and Level Annotations

Branches:
Dungeon (4/15)
 Temple: D:4-7

Altars:

Shops:
D:2 !

Annotations:
D:3 Edmund


Message History

You shoot a sling bullet.
The sling bullet hits Edmund but does no damage.
You shoot a sling bullet. The sling bullet hits Edmund.
The sling bullet burns Edmund.
Edmund is lightly wounded.
Edmund barely misses you. The kobold hits you with a +0 whip.
You shoot a sling bullet.
The sling bullet hits Edmund but does no damage.
Edmund is lightly wounded.
Edmund hits you with a +4 flail of protection!
The kobold closely misses you.
1621 ||| STAIRDANCE Edmund hits you with a +4 flail of protection!
The kobold barely misses you.
You climb upwards.
There is a stone staircase leading down here.
Enter note:
Enter note:
Enter note:
Enter note:
Enter note:
Enter note:
Enter note:
Enter note:
Enter note: You shoot a sling bullet.
The sling bullet hits Edmund but does no damage.
Edmund is lightly wounded.
Edmund hits you with a +4 flail of protection!
The kobold hits you but does no damage.
1624 ||| READING scroll of teleportation.
As you read the scroll of teleportation, it crumbles to dust.
You feel strangely unstable. Edmund barely misses you.
The kobold hits you with a +0 whip.
You shoot a sling bullet. The sling bullet hits Edmund.
The sling bullet burns Edmund.
Edmund is moderately wounded.
Edmund closely misses you. The kobold hits you but does no damage.
Edmund hits you with a +4 flail of protection!
You die...

......######### #.###.#.#
.......##.....# #.......#
.....#.##.....# #####.###
.).....%......########.#
.....#.##.....##.../...###
.....#.##.>...##.###.....#
.......#########.###.###.#
.....### #@##.!# #.#
.....# #@##..###.# #...##
######K##......# #...#
#............###
#...#######.####.##.####
#.....[..##.####.##.#
########.##.##......#
......##.......#.####
.##.#.#####.####.# .##.#.#
#......#


You could see Edmund and a kobold.

Vanquished Creatures
  A hound (D:3)
  3 adders (D:2)
  A dart slug (D:2)
  4 ball pythons
  4 bats
  An endoplasm (D:2)
  3 giant cockroaches
  5 hobgoblins
  7 jackals
  3 quokkas
  7 frilled lizards
  5 goblins
  14 kobolds
  3 rats
61 creatures vanquished.

Notes
Turn   | Place    | Note
-------+----------+-------------------------------------------
     0 | D:1      | qw the Minotaur Hexslinger began the quest for the Orb.
     0 | D:1      | Reached XP level 1. HP: 16/16 MP: 1/1
     0 | D:1      | 0 ||| qw: Version: 0.3-a-52-g30416fa
     0 | D:1      | 0 ||| qw: Game counter: 6037
     0 | D:1      | 0 ||| qw: Melee chars always use a shield: true
     0 | D:1      | 0 ||| qw: God list: Okawaru
     0 | D:1      | 0 ||| qw: Allow faded altars: false
     0 | D:1      | 0 ||| qw: Do Orc after clearing Dungeon:15 true
     0 | D:1      | 0 ||| qw: Do second Lair branch before Depths: true
     0 | D:1      | 0 ||| qw: Lair rune preference: random
     0 | D:1      | 0 ||| qw: Goals: Normal
     0 | D:1      | 0 ||| PLANNING D:1-11
    95 | D:1      | Reached skill level 3 in Ranged Weapons
    97 | D:1      | Reached XP level 2. HP: 23/23 MP: 2/2
   463 | D:1      | 463 ||| READING scroll labelled IXOMNUOJ ZARAT.
   468 | D:1      | 468 ||| READING scroll labelled RUPHOD DIDE.
   469 | D:1      | 469 ||| READING scroll labelled QADWESS UWUQAFF.
   470 | D:1      | 470 ||| DROPPING scroll of poison.
   488 | D:2      | 488 ||| STAIRDANCE
   590 | D:2      | Reached XP level 3. HP: 29/29 MP: 3/3
   614 | D:2      | Identified the +9 sling "Nijed" {flame, rPois Str+3}
   616 | D:2      | 616 ||| SWAPPING to +9 sling "Nijed" {flame, rPois Str+3}.
   617 | D:2      | 617 ||| DROPPING +1 sling.
   679 | D:2      | Found Dawnimuh's Distillery.
   682 | D:2      | 682 ||| SHOPLISTING 2 potions of heal wounds (100 gold,
                  | have 65).
   682 | D:2      | 682 ||| BUYING potion of curing (30 gold).
   682 | D:2      | Bought a potion of curing for 30 gold pieces
   682 | D:2      | 682 ||| BUYING potion of curing (30 gold).
   682 | D:2      | Bought a potion of curing for 30 gold pieces
   682 | D:2      | 682 ||| SHOPLISTING potion of haste (100 gold, have 5).
   682 | D:2      | 682 ||| SHOPLISTING potion of might (40 gold, have 5).
   698 | D:2      | Reached skill level 4 in Ranged Weapons
   951 | D:2      | Reached XP level 4. HP: 36/36 MP: 4/4
   961 | D:2      | 961 ||| UPGRADING to +0 ring mail.
   971 | D:2      | 971 ||| DROPPING +0 robe.
   972 | D:2      | 972 ||| READING scroll labelled TUESYUSERI.
  1385 | D:3      | 1385 ||| Stepping ~*~*~tactically~*~*~ (outnumbered).
  1387 | D:3      | 1387 ||| Stepping ~*~*~tactically~*~*~ (outnumbered).
  1404 | D:3      | 1404 ||| READING scroll labelled WILEODOFITI.
  1405 | D:3      | 1405 ||| READING scroll labelled SOMPEB NIFUTTA.
  1603 | D:3      | 1603 ||| READING 3 scrolls of identify.
  1603 | D:3      | 1603 ||| IDENTIFYING pink potion
  1604 | D:3      | 1604 ||| READING 2 scrolls of identify.
  1604 | D:3      | 1604 ||| IDENTIFYING fuming brown potion
  1605 | D:3      | 1605 ||| DROPPING potion of lignification.
  1606 | D:3      | 1606 ||| DROPPING potion of magic.
  1614 | D:4      | Noticed Edmund
  1621 | D:4      | 1621 ||| STAIRDANCE
  1623 | D:3      | HP: 6/36 [Edmund/+4 flail of protection (11)]
  1624 | D:3      | 1624 ||| READING scroll of teleportation.
  1625 | D:3      | Mangled by Edmund

Levels and vault maps discovered:
D:1:      dpeg_arrival_three_same_balls, layout_basic
D:2:      layout_rooms, serial_shops, shop, minmay_misc_feat_doors,
          minmay_misc_feat_diagonals
D:3:      layout_loops_cross, lexackson_kobold_supper
D:4:      layout_rooms, corner_web_ring, minmay_increasing_density, uniq_ijyb,
          uniq_edmund

Skill      XL: |  1  2  3  4 |
---------------+-------------+-----
Ranged Weapons | 3 4 |  4.9
Fighting       | 2 |  2.0
Armour         | 2 |  2.0
Dodging        | |  2.1
Spellcasting   | |  1.0
Hexes          | |  2.0

Action                     |  1- 3 |  4- 6 || total
---------------------------+-------+-------++-------
   Fire: Sling             |    97 |    38 ||   135
    Use: Scroll            |     3 |     6 ||     9
 Armour: Robe              |    13 |       ||    13
         Ring mail         |       |     4 ||     4
  Dodge: Dodged            |    35 |     9 ||    44

Table legend:
 A = Non-vault XP
 B = Vault XP
 C = Vault XP percentage of total XP
 D = Non-vault monster count
 E = Vault monster count
 F = Vault count percentage of total count
                 A         B        C        D         E       F
            +---------+---------+-------+---------+---------+-------
      Total |     166 |      11 |   6.2 |      53 |       8 |  13.1
            +---------+---------+-------+---------+---------+-------
        D:1 |      35 |       0 |   0.0 |      21 |       0 |   0.0
        D:2 |      69 |       0 |   0.0 |      20 |       0 |   0.0
        D:3 |      62 |      11 |  15.1 |      12 |       8 |  40.0
            +---------+---------+-------+---------+---------+-------
